 Dungeon Crawl Stone Soup version 0.18.1-6-gd335043 (webtiles) character file.

8997 oplop the Nimble (level 11, -11/75 HPs)
             Began as a Vampire Enchanter on May 20, 2016.
             Was a High Priest of Lugonu.
             Mangled by a cyan ugly thing (18 damage)
             ... on level 11 of the Dungeon.
             The game lasted 00:23:18 (8218 turns).

oplop the Nimble (Vampire Enchanter)                Turns: 8218, Time: 00:23:19

Health: -11/75     AC: 10    Str:  7      XL:     11   Next: 17%
Magic:  6/15       EV: 22    Int: 19      God:    Lugonu [*****.]
Gold:   568        SH:  0    Dex: 24 (25) Spells: 5 memorised, 6 levels left

rFire  . . .     SeeInvis +     g - +2 dagger (venom)
rCold  + + .     Gourm    .     b - +1 robe
rNeg   + + +     Faith    .     (no shield)
rPois  ∞         Spirit   .     (no helmet)
rElec  .         Dismiss  .     (no cloak)
rCorr  .         Reflect  .     f - +0 pair of gloves
SustAt .         Harm     +     j - +0 pair of boots
MR     ++...                    G - amulet of harm
Stlth  +++++.....               L - ring "Eloc" {*Drain +Fly MR+ Int+2 Dex+6}
                                p - +5 ring of protection

@: bloodless, non-regenerating, very resistant to hostile enchantments, quite
stealthy
A: fangs 3, see invisible, deterioration 1, frail 1, low mp 1, unbreathing
a: Bat Form, Depart the Abyss, Bend Space, Banish, Corrupt, Enter the Abyss,
Renounce Religion, Evoke Flight


You were on level 11 of the Dungeon.
You worshipped Lugonu.
Lugonu was extremely pleased with you.
You were bloodless.

You visited 1 branch of the dungeon, and saw 11 of its levels.
You also visited: Sewer.

You collected 568 gold pieces.

Inventory:

Hand Weapons
 a - a +1 dagger
 e - a +1 dagger of draining
 g - a +2 dagger of venom (weapon)
Armour
 b - a +1 robe (worn)
 f - a +0 pair of gloves (worn)
 j - a +0 pair of boots (worn)
Jewellery
 p - a +5 ring of protection (left hand)
 q - an uncursed ring of resist corrosion
 y - a +5 ring of intelligence
 G - an amulet of harm (around neck)
 L - the ring "Eloc" (right hand) {*Drain +Fly MR+ Int+2 Dex+6}
   (You found it on level 9 of the Dungeon)

   [ring of protection from magic]

   It affects your intelligence (+2).
   It affects your dexterity (+6).
   It affects your resistance to hostile enchantments.
   It lets you fly.
   It causes draining when unequipped.
Wands
 C - a wand of acid (11/15)
 H - a wand of slowing (9/48)
 J - a wand of slowing (22/48)
 M - a wand of confusion (24/48)
 N - a wand of paralysis (14/24)
Scrolls
 h - 2 scrolls of enchant weapon {unknown}
 i - 8 scrolls of remove curse {unknown}
 k - 6 scrolls of teleportation {unknown}
 l - 2 scrolls of recharging {unknown}
 m - 4 scrolls of immolation {unknown}
 s - 2 scrolls of identify
 t - 2 scrolls of blinking {unknown}
 u - 2 scrolls of enchant armour {unknown}
 w - 5 scrolls of fear {unknown}
 x - a scroll of random uselessness {unknown}
 B - 3 scrolls of magic mapping {unknown}
 D - 2 scrolls of fog {unknown}
 K - a scroll of noise {unknown}
Potions
 d - 13 potions of blood
 n - 6 potions of curing
 o - a potion of beneficial mutation {unknown}
 r - 3 potions of flight
 v - a potion of brilliance {unknown}
 z - 5 potions of heal wounds
 A - 4 potions of might
 F - a potion of degeneration
 I - 3 potions of ambrosia
Books
 c - a book of Maledictions

   Spells                             Type                      Level
   a - Corona                         Hexes                        1
   b - Ensorcelled Hibernation        Hexes/Ice                    2
   c - Confuse                        Hexes                        3
   d - Tukima's Dance                 Hexes                        3
   e - Dazzling Spray                 Conjuration/Hexes            3


   Skills:
 - Level 7.1 Fighting
 + Level 8.9 Short Blades
 + Level 9.0 Dodging
 + Level 7.0 Stealth
 - Level 4.0 Spellcasting
 - Level 7.4 Hexes
 + Level 7.7 Invocations


You had 6 spell levels left.
You knew the following spells:

 Your Spells              Type           Power        Failure   Level  Hunger
a - Corona                Hex            ####...      1%          1    None
b - Ensorcelled Hibernat  Hex/Ice        ###...       6%          2    ##.....
c - Confuse               Hex            ####....     1%          3    ###....
d - Tukima's Dance        Hex            ####....     1%          3    ###....
e - Dazzling Spray        Conj/Hex       ###.....     12%         3    ###....


Dungeon Overview and Level Annotations

Branches:
Dungeon (11/15)            Temple (0/1) D:7            Lair (0/8) D:8
    Orc: D:9-12

Altars:
Elyvilon
Fedhas
Gozag
Makhleb
Nemelex Xobeh
Pakellas
Ru
Sif Muna
Trog
Vehumet
Xom
Yredelemnul
Zin
The Shining One
Lugonu

Shops:
D:2 }

Annotations:
D:7 1 runed door, exclusion: giant cockroach
Abyss:1 Erolcha


Innate Abilities, Weirdness & Mutations

You do not heal naturally.
You are immune to poison.
You have razor-sharp teeth.
You have supernaturally acute eyesight.
You can survive without breathing.
Your body sometimes deteriorates upon taking damage.
You are frail (-10% HP).
Your magical capacity is low (-10% MP).


Message History

Aiming: Confuse
Press: ? - help, Shift-Dir - straight line, f/p - cyan ugly thing
Aim: a cyan ugly thing (chance to defeat MR: 43%)
The cyan ugly thing resists with some effort.
Casting: Confuse
Confirm with . or Enter, or press ? or * to list all spells.
Aiming: Confuse
Press: ? - help, Shift-Dir - straight line, f/p - cyan ugly thing
Aim: a cyan ugly thing (chance to defeat MR: 43%)
The cyan ugly thing appears confused.
Casting: Confuse
Confirm with . or Enter, or press ? or * to list all spells.
Aiming: Confuse
Press: ? - help, Shift-Dir - straight line, f/p - cyan ugly thing
Aim: a cyan ugly thing (confused, chance to defeat MR: 43%)
The cyan ugly thing appears confused.
The cyan ugly thing claws you!
* * * LOW HITPOINT WARNING * * *
The cyan ugly thing shocks you!
You die...

#######.## #.#
#u###### #.#
#......# #.#
######.# #.#
###.########.#
##............#
####....##########
#)....u.#
######....@.##
...........##
######.<...#
#.....# ###.###
#.# ..# ####


You could see a cyan ugly thing (confused).

Vanquished Creatures
  The ghost of zkyp the Chopper, a novice DDSu (D:6)
  Pikel (D:7)
  2 hill giants (D:10)
  An ugly thing (D:9)
  3 trolls
  3 two-headed ogres
  Prince Ribbit (D:6)
  A vampire (D:11)
  A yak (D:8)
  2 hippogriffs
  A steam dragon (D:8)
  A slave (D:7)
  An ice beast (D:5)
  An orc warrior (D:9)
  4 sky beasts
  Purgy (Sewer)
  2 black bears
  2 necrophages (D:6)
  2 ogres
  A crocodile (D:8)
  A big kobold (D:9)
  2 giant frogs
  A water moccasin zombie (D:7)
  A scorpion (D:5)
  A wyvern skeleton (D:7)
  9 killer bees
  A howler monkey (D:8)
  3 wights (D:10)
  4 crimson imps
  2 jellies
  4 hounds
  2 giant frog skeletons
  An orc priest (D:8)
  8 centaur skeletons
  6 orc wizards
  Jessica (D:2)
  Terence (D:3)
  4 iguanas
  9 worker ants
  A sheep (D:10)
  A hound zombie (D:5)
  2 hound skeletons
  2 worker ant zombies
  3 gnolls (D:3)
  17 adders
  2 river rats (D:5)
  A shadow imp (D:11)
  3 adder skeletons
  A worm (D:6)
  4 dart slugs
  A giant gecko (D:4)
  18 orcs
  5 ball pythons
  8 bats
  4 giant cockroaches
  3 goblins
  4 hobgoblins
  13 jackals
  13 kobolds
  3 quokkas
  A giant gecko zombie (D:6)
  7 giant newts
  A quokka skeleton (D:4)
  3 rats
214 creatures vanquished.

Vanquished Creatures (collateral kills)
  3 ogres
  2 wights (D:10)
  2 orcs
7 creatures vanquished.

Vanquished Creatures (others)
  A dancing weapon (D:10)
  A giant newt (D:7)
2 creatures vanquished.

Grand Total: 223 creatures vanquished

Notes
Turn   | Place    | Note
--------------------------------------------------------------
     0 | D:1      | oplop the Vampire Enchanter began the quest for the Orb.
     0 | D:1      | Reached XP level 1. HP: 13/13 MP: 3/3
   106 | D:1      | Reached XP level 2. HP: 19/19 MP: 5/5
   193 | D:1      | Reached skill level 5 in Stealth
   462 | D:2      | Found a blossoming altar of Fedhas.
   462 | D:2      | Found a radiant altar of Vehumet.
   497 | D:2      | Reached XP level 3. HP: 24/24 MP: 6/6
   604 | D:2      | Reached skill level 5 in Hexes
   638 | D:2      | Learned a level 2 spell: Ensorcelled Hibernation
   642 | D:2      | Learned a level 3 spell: Confuse
   788 | D:2      | Found an oddly glowing altar of Pakellas.
   788 | D:2      | Found Pakellas's Prime Provisions.
   840 | D:2      | Noticed Jessica
   846 | D:2      | Killed Jessica
   846 | D:2      | Reached XP level 4. HP: 30/30 MP: 6/8
   867 | D:2      | Found a burning altar of Makhleb.
  1009 | D:3      | Found a faded altar to an unknown god.
  1081 | D:3      | Became a worshipper of Lugonu the Unformed
  1081 | D:3      | Reached * piety under Lugonu
  1081 | D:3      | Reached ** piety under Lugonu
  1165 | D:3      | Learned a level 3 spell: Tukima's Dance
  1185 | D:3      | oplop: ??lugonu penance
  1185 | D:3      | beem: I don't have a page labeled lugonu_penance in my learndb.
  1185 | D:3      | oplop: ??lugonu wrath
  1185 | D:3      | beem: lugonu wrath[1/2]: ABANDONMENT: 50 penance. RETRIBUTION: 50% tloc miscast (and keep going), else 16% teleport, 8% blink. Even if a preceding effect occurred, continue to: create some abominations, thrashing horrors and ancient zymes, maybe a single tentacled starspawn, wretched star or starcursed mass.
  1185 | D:3      | oplop: ??lugonu wrath[2
  1185 | D:3      | beem: lugonu wrath[2/2]: (9:42pm) timecircuits: I have a feeling I'm going to be in the abyss a lot this game (9:42pm) Henzell: tcircuits the Alchemist (L13 MfTm) is cast into the Abyss! (Lugonu's touch) (Orc:2)
  1202 | D:3      | Reached XP level 5. HP: 22/35 MP: 2/9
  1302 | D:3      | Noticed Terence
  1318 | D:3      | Killed Terence
  1430 | D:3      | Reached skill level 1 in Invocations
  1537 | D:4      | Noticed an ogre
  1688 | D:4      | Reached XP level 6. HP: 34/41 MP: 9/11
  1872 | D:4      | Reached XP level 7. HP: 27/47 MP: 3/13
  2107 | D:4      | Reached *** piety under Lugonu
  2257 | D:5      | Entered Level 5 of the Dungeon
  2293 | D:5      | Found a glowing drain.
  2342 | Sewer    | Entered a sewer
  2392 | Sewer    | Noticed Purgy
  2398 | Sewer    | Killed Purgy
  2398 | Sewer    | Reached skill level 1 in Fighting
  2398 | Sewer    | Reached skill level 3 in Dodging
  2662 | D:5      | Found a glowing silver altar of Zin.
  2662 | D:5      | Noticed an angel
  2665 | D:5      | Found a shimmering altar of Xom.
  2922 | D:5      | Found a white marble altar of Elyvilon.
  3307 | D:6      | Reached skill level 4 in Dodging
  3307 | D:6      | Reached XP level 8. HP: 57/57 MP: 11/14
  3308 | D:6      | Found a bloodstained altar of Trog.
  3310 | D:6      | Found a deep blue altar of Sif Muna.
  3538 | D:6      | Noticed zkyp's ghost (novice DDSu)
  3607 | D:6      | Killed zkyp's ghost
  3607 | D:6      | Reached skill level 5 in Short Blades
  3607 | D:6      | Reached skill level 5 in Dodging
  3615 | D:6      | Reached **** piety under Lugonu
  3643 | D:6      | Noticed Prince Ribbit
  3650 | D:6      | Killed Prince Ribbit
  3650 | D:6      | Reached XP level 9. HP: 65/65 MP: 5/15
  3706 | D:6      | Reached skill level 5 in Invocations
  4209 | D:7      | Found a staircase to the Ecumenical Temple.
  4244 | D:7      | Reached skill level 6 in Dodging
  4604 | D:7      | Found a runed door.
  4617 | D:7      | Found a runed door.
  4748 | D:7      | Found a shimmering altar of Xom.
  4767 | D:7      | Noticed Pikel
  4779 | D:7      | Killed Pikel
  4779 | D:7      | Reached skill level 5 in Fighting
  4779 | D:7      | Reached skill level 7 in Dodging
  4872 | D:7      | Found a sparkling altar of Nemelex Xobeh.
  4965 | D:7      | Found a sacrificial altar of Ru.
  5076 | D:8      | Noticed Erolcha
  5084 | D:8      | Banished Erolcha
  5084 | D:8      | Reached XP level 10. HP: 52/74 MP: 10/16
  5239 | D:9      | Got a heavily runed amber ring
  5273 | D:9      | Noticed a white ugly thing
  5294 | D:9      | Killed a white ugly thing
  5345 | D:9      | Learned a level 3 spell: Dazzling Spray
  5447 | D:9      | Found an opulent altar of Gozag.
  5878 | D:8      | Found a glowing golden altar of the Shining One.
  5968 | D:8      | Reached ***** piety under Lugonu
  5987 | D:8      | Identified the ring "Eloc" {*Drain +Fly MR+ Int+2 Dex+6} (You found it on level 9 of the Dungeon)
  5994 | D:8      | Reached skill level 8 in Dodging
  6094 | D:8      | Found a basalt altar of Yredelemnul.
  6096 | D:8      | Noticed a profane servitor
  6340 | D:8      | Found a staircase to the Lair.
  6530 | D:8      | Noticed an angel
  6908 | D:10     | Entered Level 10 of the Dungeon
  7059 | D:10     | Gained mutation: Your magical capacity is low (-10% MP). [potion of mutation]
  7059 | D:10     | Gained mutation: You are frail (-10% HP). [potion of mutation]
  7059 | D:10     | Gained mutation: Your body sometimes deteriorates upon taking damage. [potion of mutation]
  7092 | D:10     | Noticed a hill giant
  7100 | D:10     | Killed a hill giant
  7319 | D:10     | Noticed a hill giant
  7554 | D:10     | Killed a hill giant
  7554 | D:10     | Reached XP level 11. HP: 41/75 MP: 12/15
  7991 | D:11     | Found an oddly glowing altar of Pakellas.
  8033 | D:11     | Reached skill level 9 in Dodging
  8148 | D:11     | Noticed a cyan ugly thing
  8218 | D:11     | Mangled by a cyan ugly thing

Skill      XL: |  1  2  3  4  5  6  7  8  9 10 11 |
---------------+----------------------------------+-----
Stealth        | 5 6 7 |  7.0
Hexes          | 5 6 7 |  7.4
Spellcasting   | 3 4 |  4.0
Invocations    | 1 2 3 4 6 7 |  7.7
Short Blades   | 3 5 7 8 |  8.9
Fighting       | 2 4 5 7 |  7.1
Dodging        | 4 5 7 8 9 |  9.0

Action                   |  1- 3 |  4- 6 |  7- 9 | 10-12 || total
-------------------------+-------+-------+-------+-------++-------
Melee: Dagger            |    75 |   117 |   336 |   214 ||   742
       Bite              |     3 |    16 |    35 |    26 ||    80
 Cast: Ensorcelled Hiber |     1 |     6 |    19 |    18 ||    44
       Tukima's Dance    |       |     6 |     4 |     5 ||    15
       Confuse           |       |     5 |    32 |    31 ||    68
Invok: Banish            |       |       |     1 |     1 ||     2
       Bend Space        |       |       |     1 |       ||     1
 Abil: End Transformatio |       |       |     2 |     4 ||     6
       Bat Form          |       |       |     2 |     4 ||     6
Evoke: Wand              |       |       |       |     1 ||     1
  Use: Potion            |     5 |       |       |     1 ||     6
       Scroll            |       |       |       |    12 ||    12
 Stab: Sleeping          |     6 |    15 |    29 |    25 ||    75
       Distracted        |     1 |       |     2 |     1 ||     4
       Confused          |       |     1 |    20 |    17 ||    38
  Eat: Corpse            |       |     1 |       |       ||     1
Armor: Robe              |    24 |    41 |    75 |    40 ||   180
Dodge: Dodged            |    39 |    81 |   226 |   161 ||   507
